Map: Last Fantasy LE

Players

Everything - Winner!

  • Race: Terran Terran
  • League: Gold
  • Spawn Location: 3:00

Stoic

  • Race: Protoss Protoss
  • League: Gold
  • Spawn Location: 7:00

VOD

Have the link to the VOD?

Description

Time

  • Played on: Aug. 13, 2025, 3:34 p.m.
  • Length: 7:33
Show
View Real Time Build Order
Export as new Build Order

Everything Terran - Winner!

Build Orders:  

Get SALT Encoding   

  12  0:01  SCV  
  13  0:13  Supply Depot  
  13  0:18  SCV  
  14  0:30  SCV  
  15  0:37  Refinery  
  15  0:42  SCV  
  16  0:46  Barracks  
  16  0:58  Supply Depot  
  16  0:59  SCV  
  17  1:15  Barracks  
  17  1:17  SCV  
  18  1:26  Refinery  
  18  1:33  Reaper  
  19  1:42  Orbital Command  
  19  1:57  Barracks  
  19  2:02  Reaper  
  19  2:07  Reaper  
  21  2:09  SCV  
  22  2:29  Engineering Bay  
  22  2:32  SCV  
  22  2:34  Reaper  
  24  2:39  Reaper  
  25  2:53  Reaper  
  26  3:04  Terran Infantry Weapons Level 1  
  26  3:06  Reaper  
  26  3:11  Marine  
  28  3:25  Marine  
  29  3:28  Marine  
  30  3:38  Marine  
  31  3:47  Reaper  
  31  3:50  Reaper  
  29  3:59  Reaper  
  30  4:13  Barracks  
  30  4:20  Supply Depot  
  30  4:21  Supply Depot  
  30  4:23  Reaper  
  31  4:25  Barracks Tech Lab  
  31  4:32  Factory  
  31  4:38  Supply Depot  
  31  4:41  SCV, Reaper  
  33  4:49  Combat Shield  
  33  4:53  SCV  
  33  4:55  Marine  
  33  4:59  Terran Infantry Armor Level 1  
  35  5:01  Marine  
  35  5:04  Marine  
  35  5:05  SCV  
  38  5:13  Marine  
  39  5:14  Barracks Tech Lab  
  39  5:17  Starport  
  39  5:19  Marine  
  40  5:22  Marine  
  41  5:31  Marine  
  42  5:36  Marine  
  42  5:40  Marine x2  
  45  5:49  Marine  
  46  5:54  Marine  
  47  5:57  Starport Reactor  
  47  5:58  Marine x2  
  49  6:06  Marine  
  50  6:12  Marine  
  50  6:15  Marine  
  50  6:16  Marine  
  53  6:24  Marine  
  53  6:30  Marine  
  49  6:33  Marine  
  49  6:34  Marauder  
  50  6:42  Marine  
  50  6:48  Marine  
  50  6:51  Marine  
  52  6:55  Marine  
  52  7:00  Marine  
  54  7:06  Marine  
  54  7:09  Marine  
  54  7:13  Marine  
Show
View Real Time Build Order
Export as new Build Order

Stoic Protoss 

Build Orders: 1 Gate Expand 

Get SALT Encoding   

  12  0:00  Probe  
  13  0:13  Probe  
  14  0:19  Pylon  
  14  0:25  Probe  
  15  0:37  Probe  
  15  0:38  Gateway  
  16  0:49  Probe  
  17  0:51  Assimilator  
  17  1:02  Probe  
  18  1:14  Probe  
  19  1:26  Probe  
  19  1:28  Nexus  
  20  1:38  Probe  
  21  1:42  Cybernetics Core  
  21  1:50  Probe  
  22  2:09  Pylon  
  22  2:11  Assimilator  
  22  2:12  Warp Gate  
  22  2:15  Stalker  
  24  2:51  Stalker  
  26  3:03  Probe x2  
  28  3:14  Stalker  
  28  3:15  Probe x2  
  32  3:27  Probe x2  
  34  3:35  Stalker  
  25  3:56  Stalker  
  25  4:08  Robotics Facility  
  27  4:12  Gateway  
  27  4:15  Gateway  
  27  4:17  Gateway  
  27  4:23  Probe  
  28  4:31  Pylon  
  28  4:40  Stalker  
  28  4:44  Probe  
  31  4:45  Probe  
  32  4:57  Shield Battery  
  32  5:00  Probe x2  
  32  5:03  Immortal  
  37  5:35  Adept  
  37  5:36  Adept x3  
  37  5:40  Immortal  
  45  5:53  Probe  
  50  6:01  Pylon  
  50  6:07  Probe  
  50  6:08  Probe  
  52  6:20  Twilight Council, Probe  
  52  6:22  Adept  
  55  6:28  Adept  
  55  6:30  Adept  
  49  6:36  Adept  
  36  7:00  Adept  
  37  7:24  Cybernetics Core  
Tags
 
Add a new tag
Caveats
  • Supply blocks, unpowered buildings, or Contaminate may cause inaccurate times.
  • Supply counts are checked every 10 seconds.